[Event "41st Amateur D7"]
[Site "ChessGUI4"]
[Date "2013.07.08"]
[Round "19.4"]
[White "Tigran 2.3 64-bit"]
[Black "Shallow 1.0 64-bit"]
[Result "0-1"]
[BlackElo "2200"]
[ECO "B23"]
[EventDate "2013.??.??"]
[TimeControl "40/1500:40/1500:40/1500"]
[WhiteElo "2289"]

{ i5 Quad } 1.e4 c5 2.Nc3 d6 3.f4 Nc6 4.Nf3 g6 5.d4 cxd4 6.Nxd4 Bg7 7.Be3 Nf6 8.Nb3 O-O 9.Be2 e5 { [%eval -3,13] [%emt 0:00:42] (a5) } 10.O-O
{ [%eval -1,13] [%emt 0:00:43] (fxe5) } 10...Be6
{ [%eval -8,13] [%emt 0:00:42] (Re8) } 11.f5
{ [%eval 49,13] [%emt 0:00:41] (f5) } 11...gxf5
{ [%eval -1,14] [%emt 0:00:42] (gxf5) } 12.exf5
{ [%eval 39,13] [%emt 0:00: 41] (exf5) } 12...Bxb3
{ [%eval 4,14] [%emt 0:00:42] (Bc8) } 13.axb3
{ [%eval 34,13] [%emt 0:00:42] (axb3) } 13...d5
{ [%eval 5,13] [%emt 0:00:42] (d5) } 14.Bc5
{ [%eval 21,13] [%emt 0:00:43] (Bc5) } 14...Re8
{ [%eval 14,13] [%emt 0:00:42] (Re8) } 15.Qd3
{ [%eval 9,13] [%emt 0:00:43] (Bb5) } 15...Rc8
{ [%eval 29,11] [%emt 0:00:42] (b6) } 16.Rfd1
{ [%eval 18,12] [%emt 0:00:40] (Rad1) } 16...b6
{ [%eval 32,13] [%emt 0:00:42] (d4) } 17.Bf2
{ [%eval 6,12] [%emt 0:00:43] (Ba3) } 17...d4
{ [%eval 22,14] [%emt 0:00: 42] (d4) } 18.Qh3
{ [%eval 20,13] [%emt 0:00:40] (Ne4) } 18...Nb4
{ [%eval 37,13] [%emt 0:00:42] (Nb4) } 19.Rxa7
{ [%eval 24,13] [%emt 0:00:44] (Rxa7) } 19...Nxc2
{ [%eval 37,13] [%emt 0:00:42] (Nxc2) } 20.Qd3
{ [%eval 19,13] [%emt 0:00:44] (Qd3) } 20...Nb4
{ [%eval 20,14] [%emt 0:00:42] (Nb4) } 21.Qb5
{ [%eval 22,13] [%emt 0: 00:44] (Qb5) } 21...Re7
{ [%eval 20,14] [%emt 0:00:42] (Nc6) } 22.Rxe7
{ [%eval 0,14] [%emt 0:00:44] (Rxe7) } 22...Qxe7
{ [%eval 16,14] [%emt 0:00:42] (Qxe7) } 23.Na4
{ [%eval -9,14] [%emt 0:00:45] (Na4) } 23...Nbd5
{ [%eval 18,13] [%emt 0:00:42] (Nbd5) } 24.Nxb6
{ [%eval -12,14] [%emt 0:00:45] (Nxb6) } 24...Nxb6
{ [%eval 3,13] [%emt 0:00: 42] (Nxb6) } 25.Qxb6
{ [%eval -23,14] [%emt 0:00:45] (Qxb6) } 25...Rc2
{ [%eval 5,13] [%emt 0:00:42] (Ne4) } 26.Bd3
{ [%eval 38,12] [%emt 0:00:45] (Re1) } 26...Rxb2
{ [%eval 25,12] [%emt 0:00:42] (Rxb2) } 27.Re1
{ [%eval 33,12] [%emt 0:00:46] (Ra1) } 27...Qf8
{ [%eval 26,12] [%emt 0:00:42] (Qf8) } 28.Qb7
{ [%eval 19,13] [%emt 0: 00:46] (Qb5) } 28...Rd2
{ [%eval 23,11] [%emt 0:00:42] (Rd2) } 29.Bc4
{ [%eval 13,12] [%emt 0:00:47] (Qf3) } 29...Ne8
{ [%eval -6,12] [%emt 0:00:42] (Ng4) } 30.Qf3
{ [%eval 101,13] [%emt 0:00:47] (Bg3) } 30...Qe7
{ [%eval -27,12] [%emt 0:00:42] (Ra2) } 31.Qa8
{ [%eval 71,13] [%emt 0:00:47] (Bg3) } 31...Qf8
{ [%eval -38,13] [%emt 0:00:42] (Qf8) } 32.Qd8
{ [%eval 83,13] [%emt 0:00:48] (Bh4) } 32...Nf6
{ [%eval -18,13] [%emt 0:00:42] (Bf6) } 33.Qxf8+
{ [%eval 61,15] [%emt 0:00:49] (Qxf8) } 33...Bxf8
{ [%eval -26,14] [%emt 0:00:42] (Bxf8) } 34.Bg3
{ [%eval 63,15] [%emt 0:00:49] (h3) } 34...e4
{ [%eval 1,14] [%emt 0:00:42] (Bd6) } 35.Bh4
{ [%eval 0,15] [%emt 0:00:50] (Bh4) } 35...Kg7
{ [%eval 0,14] [%emt 0:00:42] (Ng4) } 36.Bxf6+
{ [%eval 0,15] [%emt 0:00:44] (Bxf6) } 36...Kxf6
{ [%eval 1,14] [%emt 0:00:42] (Kxf6) } 37.Rxe4
{ [%eval 0,14] [%emt 0:00:54] (Rxe4) } 37...Rd1+
{ [%eval 2,13] [%emt 0:00:42] (d3) } 38.Kf2
{ [%eval -72, 15] [%emt 0:00:50] (Kf2) } 38...d3
{ [%eval 11,14] [%emt 0:00:42] (d3) } 39.Re1
{ [%eval -88,15] [%emt 0:01:00] (b4) } 39...Bc5+
{ [%eval 36,15] [%emt 0:00:42] (Bc5) } 40.Kf1
{ [%eval -99,17] [%emt 0:01:06] (Kf1) } 40...Rd2
{ [%eval 36,14] [%emt 0:00:42] (Rd2) } 41.h3
{ [%eval -103,16] [%emt 0:00:34] (Re8) } 41...Rf2+
{ [%eval 46,12] [%emt 0:00:37] (Rf2) } 42.Kg1
{ [%eval -118,16] [%emt 0:00:34] (Kg1) } 42...Rxf5+
{ [%eval 58,14] [%emt 0:00:37] (Rxf5) } 43.Kh2
{ [%eval -138,17] [%emt 0:00:29] (Kh2) } 43...d2
{ [%eval 58,15] [%emt 0:00:37] (d2) } 44.Rd1
{ [%eval -142,17] [%emt 0:00:34] (Rd1) } 44...Rf2
{ [%eval 59,15] [%emt 0:00:37] (Bb4) } 45.Kg3
{ [%eval -112,15] [%emt 0:00:34] (Kg3) } 45...Ke5
{ [%eval 60,14] [%emt 0:00:37] (Be3) } 46.b4
{ [%eval -120, 13] [%emt 0:00:30] (b4) } 46...Be3
{ [%eval 69,15] [%emt 0:00:37] (Be3) } 47.b5
{ [%eval -138,15] [%emt 0:00:34] (Bb5) } 47...f5
{ [%eval 75,15] [%emt 0:00:37] (h5) } 48.Bf1
{ [%eval -146,17] [%emt 0:00:34] (Bf1) } 48...h5
{ [%eval 76,15] [%emt 0:00:37] (h5) } 49.Kh2
{ [%eval -168,17] [%emt 0:00:35] (Kh2) } 49...f4
{ [%eval 169,15] [%emt 0:00:37] (f4) } 50.h4
{ [%eval -236,16] [%emt 0:00:35] (h4) } 50...Bb6
{ [%eval 377,16] [%emt 0:00:37] (Bd4) } 51.Bd3
{ [%eval -385,15] [%emt 0:00:35] (Bd3) } 51...f3
{ [%eval 405,16] [%emt 0:00:37] (f3) } 52.Kg3
{ [%eval -391,16] [%emt 0:00:35] (Bf1) } 52...fxg2
{ [%eval 463,15] [%emt 0:00:37] (fxg2) } 53.Bc2
{ [%eval -512,16] [%emt 0:00:31] (Bc2) } 53...Re2
{ [%eval 468,16] [%emt 0:00:37] (Kd5) } 54.Kf3
{ [%eval -602,18] [%emt 0:00:28] (Kf3) } 54...g1=N+
{ [%eval 468,15] [%emt 0:00:37] (g1=N) } 55.Rxg1
{ [%eval -614,18] [%emt 0:00:36] (Rxg1) } 55...Re3+
{ [%eval 469,16] [%emt 0:00:37] (Re3) } 56.Kg2
{ [%eval -647,19] [%emt 0:00:36] (Kg2) } 56...Rc3
{ [%eval 475,16] [%emt 0:00:37] (Rc3) } 57.Rd1
{ [%eval -654,19] [%emt 0:00:36] (Rd1) } 57...Rxc2
{ [%eval 502,16] [%emt 0:00:37] (Rxc2) } 58.Kf3
{ [%eval -710,18] [%emt 0:00:32] (Kf3) } 58...Rb2
{ [%eval 484,15] [%emt 0:00:37] (Ba5) } 59.Ke2
{ [%eval -716,17] [%emt 0:00:36] (Ke2) } 59...Ba5
{ [%eval 602,14] [%emt 0:00:37] (Ba5) } 0-1

[Event "41st Amateur D7"]
[Site "ChessGUI4"]
[Date "2013.07.08"]
[Round "19.5"]
[White "FireFly 2.6.0 64-bit"]
[Black "ChessKiss 1.7 64-bit"]
[Result "1-0"]
[BlackElo "2214"]
[ECO "E62"]
[EventDate "2013.??.??"]
[TimeControl "40/1500:40/1500:40/1500"]
[WhiteElo "2258"]

{ i5 Quad } 1.d4 Nf6 2.c4 g6 3.g3 Bg7 4.Bg2 O-O 5.Nc3 d6 6.Nf3 Nc6 7.O-O e5 8.d5 Ne7 9.e4 Kh8
{ [%eval -27,12] [%emt 0:00:43] (Bg4) } 10.Qb3
{ [%eval 69,11] [%emt 0:00:56] (Re1) } 10...b6
{ [%eval -30,12] [%emt 0:00:42] (Kg8) } 11.Bg5
{ [%eval 67,11] [%emt 0:00:55] (Be3) } 11...h6
{ [%eval 0,12] [%emt 0:00:40] (Kg8) } 12.Bd2
{ [%eval 65,11] [%emt 0:00:55] (Be3) } 12...Nd7
{ [%eval -6,12] [%emt 0:00:37] (Kg8) } 13.Qd1
{ [%eval 70,11] [%emt 0:00:54] (Qc2) } 13...Ba6
{ [%eval 15,11] [%emt 0:00:38] (f5) } 14.Qe2
{ [%eval 59,12] [%emt 0:00:53] (b3) } 14...f5
{ [%eval 23,12] [%emt 0:00:37] (f5) } 15.b4
{ [%eval 56,11] [%emt 0:00: 52] (b4) } 15...fxe4
{ [%eval 26,12] [%emt 0:00:36] (fxe4) } 16.Nxe4
{ [%eval 46,11] [%emt 0:00:51] (Qxe4) } 16...b5
{ [%eval 19,12] [%emt 0:00:32] (b5) } 17.cxb5
{ [%eval 61,12] [%emt 0:00:51] (c5) } 17...Bb7
{ [%eval 68,11] [%emt 0:00:34] (Bb7) } 18.Nc3
{ [%eval 64,11] [%emt 0:00:50] (Nc3) } 18...Nb6
{ [%eval 67,11] [%emt 0:00:33] (Nf6) } 19.Rab1
{ [%eval 3,11] [%emt 0:00:49] (Nh4) } 19...Nbxd5
{ [%eval 95,11] [%emt 0:00:32] (Nbxd5) } 20.Rfe1
{ [%eval 2,11] [%emt 0:00:48] (Rfd1) } 20...Rb8
{ [%eval 103,10] [%emt 0:00:31] (Qd7) } 21.a4
{ [%eval 0,11] [%emt 0:00:47] (a3) } 21...Qd7
{ [%eval 106,11] [%emt 0:00:28] (Qd7) } 22.Ne4
{ [%eval 0,10] [%emt 0:00:46] (Ne4) } 22...Nf5
{ [%eval 111,11] [%emt 0:00:21] (Kg8) } 23.Rbd1
{ [%eval -4,10] [%emt 0:00: 45] (Qd3) } 23...Nd4
{ [%eval 125,10] [%emt 0:00:22] (Rfd8) } 24.Nxd4
{ [%eval 0,11] [%emt 0:00:44] (Nxd4) } 24...exd4
{ [%eval 115,11] [%emt 0:00:28] (exd4) } 25.Qd3
{ [%eval -1,11] [%emt 0:00:36] (Qd3) } 25...Qf7
{ [%eval 120,10] [%emt 0:00:28] (Qf5) } 26.a5
{ [%eval -26,10] [%emt 0:00:36] (f3) } 26...Nc3
{ [%eval 145,11] [%emt 0:00:26] (Nc3) } 27.Bxc3
{ [%eval -24,12] [%emt 0:00:35] (Bxc3) } 27...dxc3
{ [%eval 145,10] [%emt 0:00:26] (dxc3) } 28.Re2
{ [%eval -16,11] [%emt 0:00:35] (f4) } 28...Qb3
{ [%eval 172,10] [%emt 0:00:25] (Qb3) } 29.a6
{ [%eval -42,11] [%emt 0:00:34] (a6) } 29...Bxe4
{ [%eval 198,12] [%emt 0:00:24] (Ba8) } 30.Bxe4
{ [%eval 54,11] [%emt 0: 00:34] (Bxe4) } 30...Qxb4
{ [%eval 205,11] [%emt 0:00:23] (g5) } 31.Rb1
{ [%eval 14,12] [%emt 0:00:27] (Rb1) } 31...Qc5
{ [%eval 206,12] [%emt 0:00:23] (Qd4) } 32.Bxg6
{ [%eval 26,11] [%emt 0:00:27] (Bxg6) } 32...Bd4
{ [%eval 200,11] [%emt 0:00:22] (d5) } 33.Kg2
{ [%eval 29,10] [%emt 0:00:27] (Kh1) } 33...Rxf2+
{ [%eval 213,11] [%emt 0:00: 20] (d5) } 34.Rxf2
{ [%eval -2,10] [%emt 0:00:27] (Rxf2) } 34...Bxf2
{ [%eval 133,13] [%emt 0:00:21] (Bxf2) } 35.Qf3
{ [%eval 2,11] [%emt 0:00:27] (Qf3) } 35...Bd4
{ [%eval 134,13] [%emt 0:00:21] (Bd4) } 36.Qf7
{ [%eval 10,11] [%emt 0:00:27] (Qf7) } 36...Bg7
{ [%eval 71,13] [%emt 0:00:20] (Bg7) } 37.Re1
{ [%eval 109,13] [%emt 0:00:27] (Be4) } 37...Qxb5
{ [%eval 141,12] [%emt 0:00:19] (Rf8) } 38.Re7
{ [%eval 225, 12] [%emt 0:00:53] (Qxc7) } 38...Rg8
{ [%eval 147,11] [%emt 0:00:18] (Rg8) } 39.Bc2
{ [%eval 626,12] [%emt 0:00:27] (Rxc7) } 39...Qc6+
{ [%eval -357,12] [%emt 0:00:17] (Qc6) } 40.Kh3
{ [%eval 981,12] [%emt 0:00:34] (Kh3) } 40...Qxa6
{ [%eval -347,12] [%emt 0:00:05] (Qxa6) } 41.g4
{ [%eval 1316,13] [%emt 0:00:49] (Qf6) } 41...Qb5
{ [%eval -11987,18] [%emt 0:01:01] (Qb5) } 42.g5
{ [%eval -31782,11] [%emt 0:00: 24] (g5) } 42...Qc4
{ [%eval -11989,25] [%emt 0:00:54] (Qb8) } 43.Qxc4
{ [%eval -31778, 9] [%emt 0:00:00] (Qxc4) } 43...Rf8
{ [%eval -11991,63] [%emt 0:00:15] (Rf8) } 44.Qd3
{ [%eval -31776,7] [%emt 0:00:00] (Qd3) } 44...Rf5
{ [%eval -11993,63] [%emt 0:00:00] (Rf3) } 1-0

[Event "41st Amateur D7"]
[Site "ChessGUI4"]
[Date "2013.07.08"]
[Round "20.1"]
[White "Gibbon 2.57a 64-bit"]
[Black "Carballo 0.8"]
[Result "0-1"]
[BlackElo "2273"]
[ECO "B23"]
[EventDate "2013.??.??"]
[TimeControl "40/1500:40/1500:40/1500"]
[WhiteElo "2251"]

{ i5 Quad } 1.e4 c5 2.Nc3 d6 3.g3 Nc6 4.Bg2 g6 5.f4 Bg7 6.Nf3 e6 7.Ne2 Nge7 8.O-O O-O 9.Kh1 d5
{ [%eval 31,13] [%emt 0:00:37] (Bd7) } 10.e5
{ [%eval -32,13] [%emt 0:00:38] (exd5) } 10...b6
{ [%eval 47,14] [%emt 0:00:36] (Nf5) } 11.d3
{ [%eval -48,13] [%emt 0:00:41] (c3) } 11...a5
{ [%eval 46,13] [%emt 0:00:35] (Re8) } 12.Qd2
{ [%eval -45,13] [%emt 0:00:27] (a4) } 12...Nf5
{ [%eval 51,13] [%emt 0:00:34] (Ba6) } 13.b3
{ [%eval -44,13] [%emt 0:00:39] (a4) } 13...h5
{ [%eval 44,12] [%emt 0:00:33] (Ba6) } 14.Bh3
{ [%eval -26,13] [%emt 0:00:33] (a4) } 14...d4
{ [%eval 57,12] [%emt 0:00:32] (Nfe7) } 15.Bxf5
{ [%eval -17,14] [%emt 0:00:38] (Bxf5) } 15...exf5
{ [%eval 66,14] [%emt 0:00:32] (exf5) } 16.a4
{ [%eval -20, 14] [%emt 0:00:26] (Bb2) } 16...Re8
{ [%eval 79,14] [%emt 0:00:31] (Re8) } 17.Neg1
{ [%eval -26,13] [%emt 0:00:47] (Ba3) } 17...Bb7
{ [%eval 100,13] [%emt 0:00:30] (Bb7) } 18.Qg2
{ [%eval -32,13] [%emt 0:00:20] (Nh3) } 18...Nb4
{ [%eval 132,13] [%emt 0:00: 29] (Nb4) } 19.Ba3
{ [%eval -29,12] [%emt 0:00:27] (Nh3) } 19...Nd5
{ [%eval 158,15] [%emt 0:00:29] (Rb8) } 20.Bc1
{ [%eval -45,12] [%emt 0:00:24] (Bc1) } 20...f6
{ [%eval 158,14] [%emt 0:00:28] (f6) } 21.exf6
{ [%eval -45,13] [%emt 0:00:24] (Nh4) } 21...Bxf6
{ [%eval 146,14] [%emt 0:00:27] (Bxf6) } 22.Rf2
{ [%eval -53,13] [%emt 0:00:41] (Bd2) } 22...Ne3
{ [%eval 218,14] [%emt 0:00:26] (Ne3) } 23.Qh3
{ [%eval -77,14] [%emt 0:00:30] (Qh3) } 23...Qd7
{ [%eval 206,12] [%emt 0:00:26] (h4) } 24.Ba3
{ [%eval -73,12] [%emt 0:00:13] (Ra2) } 24...Re6
{ [%eval 222,13] [%emt 0:00: 25] (Bxf3) } 25.Bb2
{ [%eval -85,13] [%emt 0:00:21] (Rc1) } 25...Rae8
{ [%eval 234,14] [%emt 0:00:24] (Rae8) } 26.Rc1
{ [%eval -121,14] [%emt 0:00:29] (Rc1) } 26...Ng4
{ [%eval 327,15] [%emt 0:00:24] (13) } 27.Qg2
{ [%eval -304,14] [%emt 0:00:15] (Rff1) } 27...Nxf2+
{ [%eval 347,13] [%emt 0:00:23] (Nxf2) } 28.Qxf2
{ [%eval -304,10] [%emt 0:00:00] (Qxf2) } 28...Re3
{ [%eval 355,13] [%emt 0:00:23] (Re3) } 29.Qg2
{ [%eval -349,15] [%emt 0:00:27] (Qg2) } 29...Rxf3
{ [%eval 431,14] [%emt 0:00:22] (Rxf3) } 30.Nxf3
{ [%eval -359,16] [%emt 0:00:26] (Nxf3) } 30...Re3
{ [%eval 464,17] [%emt 0:00:21] (Re3) } 31.Rf1
{ [%eval -347,15] [%emt 0:00:12] (Rf1) } 31...Qd5
{ [%eval 465,16] [%emt 0:00:21] (Qc6) } 32.Ne1
{ [%eval -343,15] [%emt 0:00:17] (Kg1) } 32...Qxg2+
{ [%eval 497,18] [%emt 0:00:20] (Rxe1) } 33.Nxg2
{ [%eval -261,11] [%emt 0:00:00] (Nxg2) } 33...Re2
{ [%eval 511,19] [%emt 0:00:20] (Re2) } 34.Rg1
{ [%eval -647,16] [%emt 0:00:11] (Rg1) } 34...Rxc2
{ [%eval 519,18] [%emt 0:00:19] (h4) } 35.Ba3
{ [%eval -680,16] [%emt 0:00:12] (Ba3) } 35...Rd2
{ [%eval 534,16] [%emt 0:00: 19] (h4) } 36.Bc1
{ [%eval -578,18] [%emt 0:00:44] (Bc1) } 36...Rxd3
{ [%eval 546,16] [%emt 0:00:18] (Rxd3) } 37.Re1
{ [%eval -576,17] [%emt 0:00:19] (Re1) } 0-1

[Event "41st Amateur D7"]
[Site "ChessGUI4"]
[Date "2013.07.08"]
[Round "20.2"]
[White "Butcher 1.64 64-bit"]
[Black "Waxman 2011"]
[Result "1-0"]
[BlackElo "2256"]
[ECO "E54"]
[EventDate "2013.??.??"]
[TimeControl "40/1500:40/1500:40/1500"]
[WhiteElo "2355"]

{ i5 Quad } 1.d4 Nf6 2.c4 e6 3.Nc3 Bb4 4.e3 O-O 5.Bd3 c5 6.Nf3 d5 7.O-O cxd4 8.exd4 dxc4 9.Bxc4 Nc6 { [%eval -26,12] [%emt 0:00:46] (Nc6) } 10.a3
{ [%eval 26,11] [%emt 0:01:00] (a3) } 10...Be7
{ [%eval -26,12] [%emt 0:00:46] (Be7) } 11.Bg5
{ [%eval 18,11] [%emt 0:00:59] (Re1) } 11...Bd7
{ [%eval -23,12] [%emt 0:00:47] (h6) } 12.Rc1
{ [%eval 18,11] [%emt 0:00:58] (Rc1) } 12...Rc8
{ [%eval -24,12] [%emt 0:00:45] (Rc8) } 13.Re1
{ [%eval 24,11] [%emt 0:01:04] (Re1) } 13...h6
{ [%eval -41,12] [%emt 0:01:09] (h6) } 14.Bf4
{ [%eval 22,11] [%emt 0:01:03] (Bf4) } 14...Qb6
{ [%eval -24,12] [%emt 0:01:42] (Qb6) } 15.d5
{ [%eval 85,10] [%emt 0:01:02] (Bd3) } 15...exd5
{ [%eval -26,11] [%emt 0:01:23] (Na5) } 16.Nxd5
{ [%eval 42,10] [%emt 0:01:00] (Nxd5) } 16...Nxd5
{ [%eval -63,12] [%emt 0:00: 53] (Nxd5) } 17.Qxd5
{ [%eval 55,10] [%emt 0:00:59] (Bxd5) } 17...Be6
{ [%eval -43,12] [%emt 0:01:12] (Be6) } 18.Rxe6
{ [%eval 243,11] [%emt 0:00:58] (Rxe6) } 18...fxe6
{ [%eval -136,11] [%emt 0:00:48] (Rcd8) } 19.Qxe6+
{ [%eval 252,12] [%emt 0:00:57] (Qxe6) } 19...Kh8
{ [%eval -175,12] [%emt 0:00:37] (Kh8) } 20.Bxh6
{ [%eval 255,11] [%emt 0:00:56] (Bxh6) } 20...Na5
{ [%eval -217,12] [%emt 0:01:02] (Na5) } 21.Bxg7+
{ [%eval 446,10] [%emt 0:00:47] (Bxg7) } 21...Kxg7
{ [%eval -345,12] [%emt 0:00:11] (Kxg7) } 22.Qxe7+
{ [%eval 452,11] [%emt 0:00:47] (Qxe7) } 22...Kh8
{ [%eval -401,12] [%emt 0:00:33] (Kh8) } 23.Bf1
{ [%eval 604,11] [%emt 0:00:46] (Bf1) } 23...Qh6
{ [%eval -442,12] [%emt 0:00:32] (Rce8) } 24.Rxc8
{ [%eval 632,12] [%emt 0:00:46] (Rxc8) } 24...Rxc8
{ [%eval -443,12] [%emt 0:00:14] (Rxc8) } 25.Qe5+
{ [%eval 666,12] [%emt 0:00:45] (Qe5) } 25...Qg7
{ [%eval -480,13] [%emt 0:00:35] (Qg7) } 26.Qxa5
{ [%eval 660,12] [%emt 0:00:44] (Qh5) } 26...Rc1
{ [%eval -469,13] [%emt 0:01:09] (Rc1) } 27.Qh5+
{ [%eval 658,11] [%emt 0:00:44] (Qd8) } 27...Qh7
{ [%eval -520,14] [%emt 0:00: 36] (Qh7) } 28.Qe5+
{ [%eval 676,12] [%emt 0:00:43] (Qe8) } 1-0

[Event "41st Amateur D7"]
[Site "ChessGUI4"]
[Date "2013.07.08"]
[Round "20.3"]
[White "Tigran 2.3 64-bit"]
[Black "ProChess 1.02AD"]
[Result "1-0"]
[BlackElo "2244"]
[ECO "E05"]
[EventDate "2013.??.??"]
[TimeControl "40/1500:40/1500:40/1500"]
[WhiteElo "2289"]

{ i5 Quad } 1.Nf3 Nf6 2.c4 e6 3.g3 d5 4.d4 Be7 5.Bg2 O-O 6.O-O dxc4 7.Qc2 a6 8.Qxc4 b5 9.Qc2 Bb7 { [%eval 1,13] [%emt 0:01:26] (Bb7) } 10.a3
{ [%eval 18,14] [%emt 0:00:42] (Bf4) } 10...c5
{ [%eval 10,12] [%emt 0:02:11] (c5) } 11.dxc5
{ [%eval 16,14] [%emt 0:00:39] (dxc5) } 11...Be4
{ [%eval 1,13] [%emt 0:00:43] (Be4) } 12.Qd1
{ [%eval 19,13] [%emt 0:00:42] (Qd1) } 12...Bxc5
{ [%eval -6,12] [%emt 0:00:37] (Bxc5) } 13.Nc3
{ [%eval 18,13] [%emt 0:00: 43] (Nc3) } 13...Bb7
{ [%eval 0,11] [%emt 0:00:39] (Bb7) } 14.b4
{ [%eval 17,12] [%emt 0:00:43] (Qxd8) } 14...Bb6
{ [%eval 3,12] [%emt 0:01:00] (Bb6) } 15.Bf4
{ [%eval 16,12] [%emt 0:00:43] (Bf4) } 15...Nd5
{ [%eval 6,11] [%emt 0:00:58] (Nbd7) } 16.Nxd5
{ [%eval 44,13] [%emt 0:00:43] (Qc2) } 16...exd5
{ [%eval 9,11] [%emt 0:00:36] (Bxd5) } 17.Qd3
{ [%eval 65,12] [%emt 0:00:40] (Qd3) } 17...Nd7
{ [%eval 10,11] [%emt 0:00:48] (Nd7) } 18.e3
{ [%eval 57,12] [%emt 0:00:44] (e3) } 18...Re8
{ [%eval 10,11] [%emt 0: 00:32] (Re8) } 19.a4
{ [%eval 48,12] [%emt 0:00:44] (Rad1) } 19...bxa4
{ [%eval 22,12] [%emt 0:00:56] (bxa4) } 20.Rxa4
{ [%eval 40,11] [%emt 0:00:44] (Rxa4) } 20...h6
{ [%eval 21,11] [%emt 0:00:57] (Nf8) } 21.h4
{ [%eval 5,11] [%emt 0:00:44] (h4) } 21...Qf6
{ [%eval 20,10] [%emt 0:00:23] (Qe7) } 22.Ra3
{ [%eval 18,11] [%emt 0:00:44] (h5) } 22...Qe7
{ [%eval 20,11] [%emt 0:01:11] (Qe7) } 23.Rb1
{ [%eval 8,11] [%emt 0: 00:45] (Rb1) } 23...Rad8
{ [%eval 20,11] [%emt 0:00:22] (Nf6) } 24.Rc3
{ [%eval 26,11] [%emt 0:00:38] (Rc3) } 24...Nf6
{ [%eval 17,12] [%emt 0:00:38] (Rc8) } 25.Nd4
{ [%eval 20,13] [%emt 0:00:46] (b5) } 25...Ne4
{ [%eval 15,11] [%emt 0:00:29] (Qd7) } 26.Nc6
{ [%eval 73,13] [%emt 0:00:46] (Rc6) } 26...Bxc6
{ [%eval -3,13] [%emt 0:00:46] (Qf6) } 27.Rxc6
{ [%eval 114,13] [%emt 0:00:46] (Rxc6) } 27...Qa7
{ [%eval -7,12] [%emt 0:00:58] (Qb7) } 28.h5
{ [%eval 128,12] [%emt 0:00:47] (b5) } 28...Qb7
{ [%eval -10,11] [%emt 0:00:44] (Qb7) } 29.b5
{ [%eval 114,13] [%emt 0:00:47] (Rbc1) } 29...a5
{ [%eval -12,10] [%emt 0:00:16] (a5) } 30.Qc2
{ [%eval 114,12] [%emt 0:00:44] (Qc2) } 30...Qa7
{ [%eval -30,10] [%emt 0:00:18] (Qa7) } 31.Rd1
{ [%eval 96,12] [%emt 0:00:48] (Rd1) } 31...Nf6
{ [%eval -20,10] [%emt 0:00:21] (a4) } 32.Qf5
{ [%eval 157, 12] [%emt 0:00:48] (Bf3) } 32...d4
{ [%eval -97,10] [%emt 0:00:11] (d4) } 33.Rxf6
{ [%eval 206,14] [%emt 0:00:49] (Rxf6) } 33...dxe3
{ [%eval -122,11] [%emt 0:00:16] (dxe3) } 34.Rxd8
{ [%eval 221,13] [%emt 0:00:44] (Rfd6) } 34...Rxd8
{ [%eval -130,11] [%emt 0:00:13] (Rxd8) } 35.Rd6
{ [%eval 193,13] [%emt 0:00:46] (Rd6) } 35...exf2+
{ [%eval -178,12] [%emt 0:00:13] (exf2) } 36.Kh2
{ [%eval 264,13] [%emt 0:00:53] (Kh2) } 36...a4
{ [%eval -199,11] [%emt 0:00:14] (a4) } 37.Be5
{ [%eval 293,13] [%emt 0:00:54] (Rxd8) } 37...Rxd6
{ [%eval -235,11] [%emt 0:02:09] (Rxd6) } 38.Bxd6
{ [%eval 569,15] [%emt 0:00:57] (Bxd6) } 38...Bd4
{ [%eval -317,11] [%emt 0:00:08] (Bd8) } 39.b6
{ [%eval 1103,15] [%emt 0:00:59] (Be4) } 39...f1=Q
{ [%eval -1061,13] [%emt 0: 00:20] (f1=Q) } 40.Qc8+
{ [%eval 1333,14] [%emt 0:01:05] (Qc8) } 40...Kh7
{ [%eval -265,1] [%emt 0:00:00] (Kh7) } 41.bxa7
{ [%eval 1361,13] [%emt 0:00:34] (bxa7) } 41...Bg1+
{ [%eval -1237,14] [%emt 0:00:51] (Qg1) } 42.Kh3
{ [%eval 1508,16] [%emt 0: 00:34] (Kh3) } 42...Qxg2+
{ [%eval 31750,15] [%emt 0:02:24] (Qxg2) } 43.Kxg2
{ [%eval 1702,16] [%emt 0:00:34] (Kxg2) } 43...Bxa7
{ [%eval 31754,15] [%emt 0:00:37] (Bxa7) } 44.Qg4
{ [%eval 2112,16] [%emt 0:00:34] (Qb7) } 44...Kg8
{ [%eval 31748,14] [%emt 0: 00:47] (Kg8) } 1-0